Map: Automaton LE

Players

Astrea - Winner!

  • Race: Protoss Protoss
  • League: Grandmaster
  • Spawn Location: 9:00

PengWin

  • Race: Zerg Zerg
  • Spawn Location: 3:00

Event: Cheeseadelphia 8

VOD

Have the link to the VOD?

Description

Time

  • Played on: Dec. 8, 2018, 12:02 p.m.
  • Length: 16:54

All games in this series

Show
View Real Time Build Order
Export as new Build Order

Astrea Protoss - Winner!

Build Orders: 1 Gate Expand, Oracle Opening, Phoenix Opening, Colossus Rush 

Get SALT Encoding   

  12  0:00  Probe  
  13  0:12  Probe  
  14  0:18  Pylon  
  14  0:24  Probe  
  15  0:32  Probe  
  15  0:39  Gateway  
  15  0:40  Probe  
  16  0:48  Assimilator  
  17  0:51  Probe  
  18  1:03  Probe  
  19  1:15  Probe  
  20  1:27  Nexus  
  20  1:38  Cybernetics Core  
  20  1:40  Probe  
  21  1:48  Assimilator  
  21  1:52  Probe  
  22  1:58  Pylon  
  22  2:05  Probe  
  22  2:07  Adept  
  23  2:13  Probe  
  23  2:21  Probe  
  26  2:28  Warp Gate  
  27  2:30  Stargate  
  27  2:31  Probe  
  28  2:39  Probe  
  28  2:42  Adept  
  31  2:45  Probe  
  31  2:47  Probe  
  33  2:55  Probe  
  33  2:57  Probe  
  35  3:05  Probe  
  35  3:06  Phoenix  
  35  3:09  Probe  
  37  3:17  Probe  
  40  3:21  Probe  
  41  3:29  Gateway, Probe  
  41  3:32  Oracle  
  41  3:34  Probe  
  46  3:40  Robotics Facility  
  46  3:43  Pylon  
  46  3:52  Assimilator  
  46  3:54  Assimilator  
  46  3:59  Probe  
  46  4:01  Probe  
  48  4:02  Pylon  
  48  4:07  Probe  
  48  4:13  Probe  
  48  4:15  Probe  
  50  4:20  Gateway  
  50  4:22  Gateway  
  51  4:25  Probe  
  51  4:26  Pylon  
  51  4:28  Probe  
  51  4:29  Immortal  
  53  4:34  Robotics Bay  
  53  4:37  Probe  
  54  4:42  Sentry x2  
  62  4:47  Pylon  
  62  4:48  Probe  
  62  4:50  Probe  
  64  5:02  Observer  
  64  5:04  Forge  
  64  5:05  Gateway  
  64  5:07  Colossus  
  64  5:08  Gateway  
  65  5:22  Extended Thermal Lance  
  71  5:28  Pylon  
  71  5:34  Sentry  
  73  5:38  Protoss Ground Weapons Level 1  
  73  5:41  Stalker  
  75  5:46  Pylon  
  75  5:48  Pylon  
  75  5:56  Colossus, Pylon  
  75  5:58  Twilight Council  
  75  6:06  Shield Battery  
  75  6:07  Shield Battery  
  81  6:16  Pylon  
  81  6:22  Adept x4  
  81  6:23  Adept  
  91  6:36  Adept  
  93  6:47  Colossus  
  93  6:53  Charge  
  99  7:05  Nexus  
  99  7:07  Pylon  
  99  7:12  Stalker x4  
  99  7:15  Probe x2  
  109  7:27  Probe x2  
  109  7:39  Probe, Phoenix  
  109  7:41  Probe  
  111  7:44  Pylon  
  113  7:51  Photon Cannon  
  113  7:54  Probe x2  
  115  8:00  Stalker x2  
  115  8:05  Stalker  
  121  8:17  Pylon  
  121  8:24  Blink  
  121  8:32  Stalker x3, Observer  
  121  8:33  Stalker x2  
  131  8:37  Probe x2  
  131  8:38  Probe  
  136  8:42  Protoss Ground Weapons Level 2  
  136  8:50  Probe x2, Pylon  
  136  8:51  Probe  
  139  8:57  Assimilator  
  139  8:58  Assimilator, Phoenix  
  139  9:05  Stalker, Stargate  
  139  9:08  Stalker  
  139  9:09  Stalker x2  
  145  9:12  Stalker  
  147  9:25  Pylon  
  145  9:41  Pylon  
  145  9:42  Pylon x3  
  139  9:47  Pylon  
  139  9:51  Pylon  
  139  10:01  Stalker x3, Phoenix  
  139  10:02  Pylon  
  139  10:05  Shield Battery  
  139  10:06  Shield Battery  
  145  10:07  Shield Battery  
  145  10:11  Photon Cannon  
  149  10:18  Photon Cannon, Fleet Beacon  
  149  10:20  Photon Cannon  
  129  10:31  Stalker x6, Phoenix  
  123  10:50  Phoenix  
  125  10:57  Stargate  
  119  11:13  Anion Pulse-Crystals  
  119  11:15  Phoenix  
  119  11:33  Probe x3  
  119  11:37  Phoenix  
  122  11:41  Nexus  
  112  11:49  Phoenix  
  112  11:51  Stalker x4  
  112  11:52  Stalker x2  
  119  11:55  Phoenix  
  121  12:01  Pylon  
  121  12:03  Pylon  
  125  12:20  Phoenix  
  127  12:28  Protoss Air Weapons Level 1  
  123  12:37  Stargate  
  123  12:42  Probe x2  
  123  12:43  Assimilator, Probe  
  124  12:45  Phoenix  
  124  12:46  Assimilator  
  124  12:48  Photon Cannon  
  126  12:53  Stalker x2  
  126  12:54  Stalker x4  
  126  12:56  Protoss Ground Armor Level 1  
  126  12:57  Probe x3  
  126  12:58  Probe  
  142  13:10  Phoenix  
  144  13:26  Stalker x6  
  147  13:35  Phoenix  
  147  13:36  Phoenix  
  150  13:45  Probe x2  
  150  13:46  Photon Cannon x2, Probe x2  
  154  13:48  Shield Battery  
  154  13:56  Phoenix x2  
  154  14:00  Dark Shrine  
  154  14:15  Phoenix  
  154  14:16  Protoss Air Weapons Level 2, Phoenix  
  158  14:28  Stalker  
  158  14:29  Stalker x5  
  170  14:33  Phoenix  
  170  14:36  Gateway  
  170  14:37  Gateway  
  170  14:40  Nexus, Phoenix  
  170  14:45  Observer  
  174  14:48  Pylon  
  174  14:55  Stalker x5  
  174  14:56  Phoenix  
  186  15:05  Phoenix  
  186  15:20  Dark Templar x2  
  186  15:21  Dark Templar x3, Phoenix  
  198  15:30  Phoenix  
  192  15:46  Phoenix  
  194  15:55  Phoenix  
  193  16:11  Phoenix  
  175  16:20  Phoenix  
  175  16:23  Archon  
  162  16:28  Stalker x5  
  162  16:29  Stalker x3  
Show
View Real Time Build Order
Export as new Build Order

PengWin Zerg 

Build Orders: Hatch First 

Get SALT Encoding   

  12  0:00  Drone  
  13  0:12  Overlord  
  13  0:18  Drone  
  14  0:33  Drone x2  
  16  0:36  Drone  
  17  0:55  Hatchery  
  16  0:58  Drone  
  16  0:59  Drone  
  16  1:02  Extractor  
  17  1:15  Spawning Pool  
  16  1:19  Drone  
  16  1:21  Drone  
  18  1:28  Drone  
  19  1:38  Overlord  
  19  1:49  Drone  
  20  2:01  Queen  
  20  2:02  Drone  
  20  2:03  Metabolic Boost  
  23  2:09  Queen  
  23  2:12  Drone  
  26  2:17  Drone  
  26  2:19  Drone  
  26  2:21  Zergling x2  
  29  2:28  Zergling x2  
  30  2:35  Zergling x2  
  31  2:40  Lair  
  31  2:41  Drone  
  32  2:46  Queen  
  32  2:51  Overlord  
  34  2:55  Drone  
  34  2:56  Drone  
  36  3:13  Drone  
  36  3:15  Drone x5  
  42  3:21  Overlord  
  42  3:29  Drone x2  
  42  3:32  Extractor  
  42  3:33  Drone  
  42  3:34  Extractor  
  43  3:42  Drone  
  43  3:43  Spore Crawler  
  43  3:44  Drone, Hydralisk Den  
  43  3:45  Drone x2  
  43  3:46  Queen  
  47  3:54  Overlord, Extractor  
  47  3:55  Overlord  
  46  4:04  Spore Crawler  
  46  4:09  Overlord  
  45  4:13  Grooved Spines  
  45  4:14  Drone x3  
  45  4:15  Drone  
  45  4:16  Drone  
  50  4:18  Drone  
  50  4:20  Drone  
  50  4:22  Drone  
  50  4:36  Drone x2  
  50  4:37  Drone  
  53  4:46  Overlord x3  
  53  4:48  Drone  
  53  4:51  Hydralisk  
  56  4:59  Hydralisk  
  56  5:00  Hydralisk  
  56  5:04  Hydralisk  
  56  5:05  Hydralisk  
  64  5:11  Hydralisk x2  
  68  5:17  Hydralisk  
  70  5:22  Baneling Nest  
  69  5:30  Zergling x2  
  69  5:31  Zergling x2  
  69  5:32  Zergling x6  
  69  5:34  Zergling x2  
  69  5:35  Zergling x4  
  77  5:39  Zergling x6  
  80  5:51  Overlord  
  80  5:52  Overlord  
  80  5:54  Spire  
  79  6:08  Baneling x18  
  79  6:09  Baneling  
  79  6:14  Drone x2  
  79  6:15  Drone  
  81  6:35  Drone x4  
  81  6:36  Drone x3  
  88  6:42  Hatchery  
  87  6:54  Overlord x2  
  87  7:12  Mutalisk x6  
  99  7:22  Mutalisk x3  
  99  7:29  Zerg Flyer Weapons Level 1  
  100  7:52  Mutalisk x2  
  100  7:54  Extractor  
  100  7:55  Queen  
  100  7:58  Extractor  
  104  7:59  Mutalisk  
  104  8:00  Zergling x10  
  104  8:01  Zergling x10  
  116  8:15  Drone x3  
  119  8:35  Mutalisk  
  119  8:37  Overlord x2  
  119  8:48  Drone  
  119  8:49  Drone, Overlord  
  119  8:50  Overlord x2  
  119  8:53  Muscular Augments  
  121  8:59  Burrow  
  121  9:00  Mutalisk x5  
  128  9:34  Mutalisk x6  
  123  9:46  Zergling x10  
  123  9:47  Zergling x10  
  123  9:50  Hatchery  
  128  10:01  Drone x6  
  128  10:02  Drone  
  132  10:24  Mutalisk x8  
  131  10:32  Zerg Flyer Weapons Level 2  
  108  10:42  Zergling x2  
  108  10:43  Zergling x8  
  108  10:47  Mutalisk x2  
  108  10:49  Zergling x10  
  119  11:02  Mutalisk  
  119  11:03  Mutalisk  
  117  11:04  Mutalisk, Queen  
  117  11:06  Drone x3  
  124  11:23  Drone x10  
  128  11:28  Mutalisk  
  128  11:29  Mutalisk  
  125  11:50  Mutalisk  
  125  11:51  Mutalisk x4  
  126  11:56  Drone, Extractor  
  126  11:57  Extractor  
  125  12:03  Mutalisk x2  
  125  12:04  Hatchery  
  125  12:05  Zergling x10  
  133  12:17  Mutalisk x3  
  135  12:37  Zergling x26  
  135  12:38  Zergling x6  
  151  12:45  Infestation Pit  
  151  12:49  Zerg Flyer Armor Level 1  
  150  12:55  Mutalisk x4  
  156  13:08  Mutalisk x3  
  121  13:44  Hive  
  121  13:47  Drone x10  
  121  13:48  Queen  
  131  13:50  Extractor  
  131  13:55  Zergling x4  
  133  13:56  Zergling x12  
  136  14:16  Mutalisk x4  
  138  14:21  Mutalisk x5  
  154  14:44  Mutalisk x6  
  154  14:45  Mutalisk x2  
  170  14:53  Spore Crawler  
  170  14:54  Extractor  
  168  15:04  Viper x2  
  133  15:38  Mutalisk x4  
  133  15:40  Mutalisk x2  
  120  15:51  Zergling x2  
  120  15:52  Zergling x38  
  120  15:54  Overlord x3  
  120  15:55  Spawning Pool  
  119  16:13  Unknown x2  
Tags
 
Add a new tag
Caveats
  • Supply blocks, unpowered buildings, or Contaminate may cause inaccurate times.
  • Supply counts are checked every 10 seconds.